 Dungeon Crawl Stone Soup version 0.23.0-3-gf3c87f2 (webtiles) character file.

Game seed: 12868728533212551974

491 inmateoo the Arsonist (level 6, -6/33 HPs)
             Began as a Deep Elf Fire Elementalist on Feb 21, 2019.
             Mangled by an ogre
             ... wielding a +0 giant spiked club
              (22 damage)
             ... on level 4 of the Dungeon.
             The game lasted 00:05:29 (3993 turns).

inmateoo the Arsonist (Deep Elf Fire Elementalist)  Turns: 3993, Time: 00:05:29

Health: -6/33      AC:  5    Str:  5    XL:     6   Next: 91%
Magic:  8/12       EV: 13    Int: 22    God:
Gold:   193        SH:  0    Dex: 15    Spells: 1/11 levels left

rFire    . . .     SeeInvis .   n - +2 spear (freeze)
rCold    . . .     Gourm    .   (no shield)
rNeg     . . .     Faith    .   a - +0 robe
rPois    +         Spirit   .   q - +1 helmet
rElec    .         Reflect  .   (no cloak)
rCorr    .         Harm     .   d - +0 pair of gloves (curse)
MR       .....                  (no boots)
Stlth    ++........             (no amulet)
HPRegen  0.11/turn              p - ring of poison resistance
MPRegen  0.13/turn              (no ring)

@: very slightly contaminated
A: no striking features
a: no special abilities


You were on level 4 of the Dungeon.
You were not hungry.

You visited 1 branch of the dungeon, and saw 4 of its levels.

You collected 193 gold pieces.

Inventory:

Hand Weapons
 g - a +0 dagger
 n - a +2 spear of freezing (weapon)
Armour
 a - a +0 robe (worn)
 d - a cursed +0 pair of gloves (worn)
 q - a +1 helmet (worn)
Jewellery
 p - a ring of poison resistance (left hand)
Wands
 l - a wand of enslavement (12)
Scrolls
 e - a scroll of amnesia
 f - 2 scrolls of remove curse
 h - 2 scrolls of fear
 o - 6 scrolls of identify
 t - a scroll of noise {unknown}
 u - a scroll of teleportation {unknown}
Potions
 b - 2 potions of agility
 i - a potion of might
 j - 2 potions of haste
 k - 2 potions of resistance
 m - 3 potions of curing
 r - a potion of degeneration {unknown}
 s - a potion of brilliance {unknown}
 v - 2 potions of heal wounds {unknown}
Comestibles
 c - 7 rations
 w - 3 chunks of flesh


   Skills:
 + Level 0.4 Fighting
 + Level 2.7 Dodging
 + Level 2.8 Stealth
 + Level 3.3 Spellcasting
 * Level 2.0 Conjurations
 - Level 8.1 Fire Magic


You had one spell level left.
You knew the following spells:

 Your Spells              Type           Power        Failure   Level  Hunger
a - Flame Tongue          Conj/Fire      ####.        1%          1    None
b - Throw Flame           Conj/Fire      ####..       2%          2    ##.....
c - Conjure Flame         Conj/Fire      ####....     4%          3    ###....
d - Sticky Flame          Conj/Fire      ####....     16%         4    ####...

Your spell library contained the following spells:

 Spells                   Type           Power        Failure   Level  Hunger
 Inner Flame              Hex/Fire       ###.....     7%          3    ###....
 Fireball                 Conj/Fire      ####......   38%         5    ######.


Dungeon Overview and Level Annotations

Branches:
Dungeon (4/15)
 Temple: D:4-7

Altars:
Ashenzari
Cheibriados


Message History

Aiming: Flame Tongue (safe; 1% risk of failure)
Press: ? - help, Shift-Dir - straight line, f/p - ogre
Aim: an ogre, wielding a +0 giant spiked club The flame tongue hits the ogre.
The ogre is lightly wounded.
The ogre hits you with a +0 giant spiked club!!
Ouch! That really hurt!
Casting: Flame Tongue (safe; 1% risk of failure)
Confirm with . or Enter, or press ? or * to list all spells.
Aiming: Sticky Flame (slightly dangerous; 16% risk of failure)
Press: ? - help, Shift-Dir - straight line, f/p - ogre
Aim: an ogre, wielding a +0 giant spiked club (lightly wounded)
You miscast Sticky Flame.
You are very lightly contaminated with residual magic.
You have a brief vision of globes of primordial fire.
Unknown command.
There is an open door here.
The ogre hits you with a +0 giant spiked club!!
Ouch! That really hurt!
You die...

#.### ##+###...#
#........# #........#
#........############
#...../..'...........
#........###.########
########## #O#######
#.@.....# #.......#
#######.# #.......#
#.....# #.......#
#.##### #.......# #.#
#.....(.######<#
#...#..........#
#.............#
###..)..........#


You could see an ogre.

Vanquished Creatures
  A scorpion (D:4)
  3 orc priests (D:4)
  A hound (D:4)
  Jessica (D:2)
  Natasha (twice) (D:2)
  A worker ant (D:2)
  3 gnolls (D:2)
  4 adders
  9 oozes
  5 worms
  A dart slug (D:1)
  2 leopard geckos
  8 orcs
  8 giant cockroaches
  7 goblins
  7 hobgoblins
  8 jackals
  8 kobolds
  2 quokkas
  2 ball pythons
  7 bats
  4 frilled lizards
  11 rats
105 creatures vanquished.

Notes
Turn   | Place    | Note
-------+----------+-------------------------------------------
     0 | D:1      | inmateoo the Deep Elf Fire Elementalist began the quest for
                  | the Orb.
     0 | D:1      | Reached XP level 1. HP: 10/10 MP: 6/6
     1 | D:1      | Found a runed translucent door.
   170 | D:1      | Reached skill level 4 in Fire Magic
   170 | D:1      | Reached XP level 2. HP: 1/15 MP: 5/8
   395 | D:1      | Learned a level 2 spell: Throw Flame
   749 | D:2      | Reached XP level 3. HP: 19/19 MP: 6/9
   754 | D:2      | Learned a level 3 spell: Conjure Flame
   981 | D:2      | Reached skill level 5 in Fire Magic
  1412 | D:2      | Noticed Natasha
  1413 | D:2      | Noticed Jessica
  1417 | D:2      | Killed Natasha
  1417 | D:2      | Reached XP level 4. HP: 24/24 MP: 5/10
  1600 | D:2      | Killed Jessica
  1600 | D:2      | Reached skill level 6 in Fire Magic
  1648 | D:2      | Reached XP level 5. HP: 24/28 MP: 5/11
  2062 | D:2      | Found a transporter.
  2066 | D:2      | Found a transporter.
  2208 | D:2      | Noticed Natasha
  2216 | D:2      | Killed Natasha
  2226 | D:2      | Found a snail-covered altar of Cheibriados.
  2456 | D:2      | Reached skill level 7 in Fire Magic
  2978 | D:3      | Reached XP level 6. HP: 30/32 MP: 8/12
  3005 | D:3      | Learned a level 4 spell: Sticky Flame
  3289 | D:4      | Found a shattered altar of Ashenzari.
  3676 | D:4      | Reached skill level 8 in Fire Magic
  3993 | D:4      | Mangled by an ogre

Skill      XL: |  1  2  3  4  5  6 |
---------------+-------------------+-----
Fire Magic     | 4 5 6 7 8 |  8.1
Conjurations   | 2 |  2.0
Fighting       | |  0.4
Dodging        | |  2.7
Stealth        | |  2.8
Spellcasting   | |  3.3

Action                   |  1- 3 |  4- 6 || total
-------------------------+-------+-------++-------
Melee: Unarmed           |     1 |       ||     1
       Dagger            |     4 |     2 ||     6
       Spear             |       |    21 ||    21
 Cast: Flame Tongue      |    66 |   129 ||   195
       Conjure Flame     |       |     1 ||     1
  Use: Scroll            |       |     9 ||     9
 Stab: Sleeping          |       |     3 ||     3
  Eat: Chunk             |     1 |     8 ||     9
Armor: Robe              |    13 |    16 ||    29
Dodge: Dodged            |    49 |    44 ||    93
